 Dungeon Crawl Stone Soup version 0.17-a0-1923-gc35365e (webtiles) character file.

187 mcbry74 the Ruffian (level 5, -1/53 HPs)
             Began as a Troll Chaos Knight on Sept 28, 2015.
             Succumbed to poison (a potion of poison)
             ... on level 3 of the Dungeon.
             The game lasted 00:12:03 (1812 turns).

mcbry74 the Ruffian (Troll Chaos Knight)            Turns: 1812, Time: 00:12:03

Health: -1/53      AC:  8    Str: 21    XL:     5   Next: 39%
Magic:  4/4        EV: 10    Int:  8    God:    Xom [..*...]
Gold:   83         SH:  0    Dex:  9    Spells: 0 memorised, 4 levels left

rFire  . . .     SeeInvis .       - Unarmed
rCold  . . .     Clarity  .     a - +2 robe
rNeg   . . .     SustAt   .     (no shield)
rPois  .         Gourm    +     (helmet restricted)
rElec  .         Spirit   .     j - +0 cloak
rCorr  .         Warding  .     (gloves unavailable)
rMut   .         Stasis   .     (boots unavailable)
MR     .....                    (no amulet)
Stlth  +.........               (no ring)
                                (no ring)

@: lethally poisoned (-1 -> -44), slowed, very slow, not resistant to hostile
enchantments, very unstealthy
A: unfitting armour, claws 3, fast metabolism 3, gourmand, regeneration 2,
shaggy fur 1, tough skin 2
a: Renounce Religion


You were on level 3 of the Dungeon.
You worshipped Xom.
You were a toy of Xom.
You were not hungry.

You visited 1 branch of the dungeon, and saw 3 of its levels.

You collected 83 gold pieces.

Inventory:

Missiles
 m - a throwing net (quivered)
Armour
 a - a +2 robe (worn)
 j - a +0 cloak (worn)
Magical devices
 r - a wand of magic darts (19)
Scrolls
 c - a scroll of remove curse {unknown}
 d - 5 scrolls of identify {unknown}
 e - a scroll of magic mapping {unknown}
 f - 3 scrolls of noise {unknown}
 h - 2 scrolls of teleportation {unknown}
 l - a scroll of immolation {unknown}
 n - a scroll of fear {unknown}
 p - a scroll of enchant weapon {unknown}
 s - a scroll of recharging {unknown}
Potions
 k - a potion of lignification {unknown}
 t - a potion of berserk rage {unknown}
Comestibles
 b - 4 bread rations
 g - a meat ration
 i - 16 chunks of flesh
 o - 4 fruits


   Skills:
 - Level 3.0 Fighting
 * Level 1.5 Throwing
 - Level 1.9 Dodging
 * Level 5.4 Unarmed Combat


You had 4 spell levels left.
You didn't know any spells.

Dungeon Overview and Level Annotations

Branches:
Dungeon (3/15)

Altars:


Innate Abilities, Weirdness & Mutations

You are too large for most types of armour.
You have claws for hands.
Your metabolism is lightning-fast.
You like to eat raw meat.
You heal very quickly.
You are covered in fur (AC +1).
You have very tough skin (AC +2).


Message History

You have difficulty breathing.
* * * LOW HITPOINT WARNING * * *
You feel as though you will be slow longer.
The kobold shoots a curare-tipped needle.
The curare-tipped needle hits you.
You are more poisoned.
You have difficulty breathing.
* * * LOW HITPOINT WARNING * * *
You feel as though you will be slow longer.
You see here 2 curare-tipped needles.
Drink which item? (? for menu, Esc to quit)
It was a potion of poison.
That liquid tasted very nasty...
You are more poisoned.
Xom is amused.
* * * LOW HITPOINT WARNING * * *
You feel extremely sick.
You scratch the kobold.
The kobold is heavily wounded.
You die...
Xom guffaws!

...............
#.[(# ##..#
#..# #..# #..#
#..# #.K#######
#.>@(....#
########.# #.#
####.###
#.....(#
#......#
#......#
#.)....# ##
####.### ##.


You could see a kobold.

Vanquished Creatures
  Jessica (D:3)
  An orc wizard (D:3)
  3 gnolls (D:2)
  3 adders
  3 oozes
  A worm (D:3)
  6 orcs (D:3)
  5 giant cockroaches
  8 goblins
  8 hobgoblins
  6 kobolds
  5 bats
  A giant gecko (D:1)
  2 giant newts (D:1)
  A quokka (D:3)
  A rat (shapeshifter) (D:3)
  6 rats
61 creatures vanquished.

Notes
Turn   | Place    | Note
--------------------------------------------------------------
     0 | D:1      | mcbry74 the Troll Chaos Knight began the quest for the Orb.
     0 | D:1      | Reached XP level 1. HP: 22/22 MP: 0/0
   174 | D:1      | Reached XP level 2. HP: 27/29 MP: 1/1
   755 | D:1      | Reached XP level 3. HP: 36/36 MP: 2/2
   916 | D:2      | Reached skill level 4 in Unarmed Combat
   939 | D:2      | XOM: harmless Pois miscast
   964 | D:2      | XOM: potion effect (agility)
  1005 | D:2      | Reached skill level 1 in Throwing
  1005 | D:2      | Reached XP level 4. HP: 44/44 MP: 3/3
  1187 | D:2      | XOM: divination: magic mapping
  1387 | D:2      | XOM: silly message
  1555 | D:3      | Noticed Jessica
  1561 | D:3      | XOM: polymorph orc -> adder
  1571 | D:3      | XOM: blink monster(s)
  1572 | D:3      | Reached skill level 5 in Unarmed Combat
  1572 | D:3      | Reached XP level 5. HP: 53/53 MP: 1/4
  1581 | D:3      | Killed Jessica
  1722 | D:3      | XOM: harmless Tloc miscast
  1765 | D:3      | XOM: smoke on damage
  1812 | D:3      | Succumbed to poison (a potion of poison)

Vault maps used:
D:1:      dpeg_arrival_water_altar, kennysheep_nondescript
D:3:      first_bread, kennysheep_jessica_study

Action                   |  1- 3 |  4- 6 || total
-------------------------+-------+-------++-------
Melee: Unarmed           |    84 |    69 ||   153
Throw: Throwing net      |       |     1 ||     1
  Use: Potion            |       |     1 ||     1
  Eat: Chunk             |    10 |     6 ||    16
